 Dungeon Crawl Stone Soup version 0.28-a0-1518-gbe868bca14 (webtiles) character file.

Game seed: 1655166962062100189

513 fragbeetle the Insei (level 7, 56/56 HPs)
             Began as a Red Draconian Transmuter on Jan 17, 2022.
             Quit the game on level 4 of the Dungeon.
             The game lasted 00:08:17 (4445 turns).

fragbeetle the Insei (Red Draconian Transmuter)     Turns: 4445, Time: 00:08:17

Health: 56/56      AC:  7    Str: 13    XL:     7   Next: 0%
Magic:  10/10      EV: 12    Int: 13    God:
Gold:   219        SH:  0    Dex: 13    Spells: 2/10 levels left

rFire   + . .      SeeInvis .     - Unarmed
rCold   . . .      Faith    .   (no shield)
rNeg    . . .      Spirit   .   (armour unavailable)
rPois   .          Reflect  .   (helmet restricted)
rElec   .          Harm     .   (no cloak)
rCorr   .          Rampage  .   d - +0 pair of gloves
Will    .....                   (no boots)
Stlth   +.........              (no amulet)
HPRegen 0.18/turn               (no ring)
MPRegen 0.12/turn               (no ring)

@: no status effects
A: breathe fire, AC +6, unfitting armour, fire resistance 1, cold-blooded
a: Breathe Fire


You were on level 4 of the Dungeon.
You visited 1 branch of the dungeon, and saw 4 of its levels.

You collected 219 gold pieces.

Inventory:

Hand Weapons
 e - a +0 hunting sling
 m - a +2 spear of distortion
Missiles
 a - 148 stones
 g - 2 boomerangs
 h - 14 poisoned darts
 j - 12 sling bullets
 l - a throwing net
Armour
 d - a +0 pair of gloves (worn)
 i - a +0 kite shield
Scrolls
 c - 2 scrolls of teleportation {unknown}
 f - 2 scrolls of identify {unknown}
 n - a scroll of amnesia {unknown}
Potions
 b - a potion of resistance {unknown}
 k - a potion of curing {unknown}


   Skills:
 + Level 2.9 Fighting
 + Level 2.9 Dodging
 * Level 4.8 Unarmed Combat
 - Level 2.0 Spellcasting
 * Level 4.4 Transmutations
 + Level 1.1 Ice Magic
 + Level 2.0 Poison Magic


You had 2 spell levels left.
You knew the following spells:

 Your Spells              Type           Power      Damage    Failure   Level
a - Beastly Appendage     Tmut           24%        N/A       4%          1
b - Spider Form           Tmut/Pois      9%         N/A       21%         3
c - Ice Form              Ice/Tmut       8%         N/A       63%         4

Your spell library contained the following spells:

 Spells                   Type           Power      Damage    Failure   Level
 Wereblood                Tmut           12%        N/A       6%          2
 Stone Arrow              Conj/Erth      2%         3d7       58%         3
 Lehudib's Crystal Spear  Conj/Erth      0%         10d2      100%        8
 Animate Armour           Summ/Erth      Unusable   N/A       N/A         4

Dungeon Overview and Level Annotations

Branches:
Dungeon (4/15)
 Temple: D:4-7

Altars:
Uskayaw
Vehumet
The Shining One

Annotations:
D:2 1 runed translucent door, Crazy Yiuf


Innate Abilities, Weirdness & Mutations

You can breathe blasts of fire.
Your fiery red scales are hard. (AC +6)
You cannot fit into any form of body armour.
Your flesh is heat resistant. (rF+)
You are cold-blooded and may be slowed by cold attacks.


Message History

The giant cockroach barely misses you.
You hit the giant cockroach but do no damage.
Your headbutt misses the giant cockroach.
The giant cockroach bites you but does no damage.
You hit the giant cockroach.
You claw the giant cockroach, but do no damage.
You headbutt the giant cockroach, but do no damage.
The giant cockroach is heavily wounded.
The giant cockroach barely misses you.
You hit the giant cockroach.
You kill the giant cockroach!
The hobgoblin barely misses you.
You hit the hobgoblin.
Your tail-slap misses the hobgoblin.
The hobgoblin is heavily wounded.
The hobgoblin hits you but does no damage.
You closely miss the hobgoblin. Your kick misses the hobgoblin.
You headbutt the hobgoblin.
You kill the hobgoblin!
Your magical contamination has completely faded away.
A hobgoblin comes into view.
Found a runed flail.
The hobgoblin shouts!
Unknown command.
A hobgoblin is nearby!
The hobgoblin barely misses you.
You punch the hobgoblin!
You kill the hobgoblin!
You have reached level 7!
Your scales start taking on a fiery red colour.
You learn Fire Magic much quicker.
You learn Ice Magic much slower.
You can breathe blasts of fire.
You feel resistant to heat.
Your transformation is almost over.
You see here a +0 vorpal flail.
Your horns disappear.
Your talons disappear.
There is a dry fountain here.
Done exploring.
Done exploring.
There is a stone staircase leading down here.
Are you sure you want to abandon this character and quit the game? (Confirm with "yes".)

#..)..# #.....#########
#.............###
#######........####....
#...........##.....####
#...........######...##
#........#####.........
#..<...#.### #.........
#.....@#...###.........
#..#######..##.........
##.## ##..)......... #..#
####......... #.##
###.........
###.###########.).........
#.............#.#........<
#.#.............#.........
#.........................


There were no monsters in sight!

Vanquished Creatures
  A scorpion (D:4)
  A hound (D:4)
  2 centaur skeletons (D:4)
  An iguana (D:4)
  Natasha (thrice) (D:2)
  7 gnolls
  10 adders
  An adder skeleton (D:2)
  5 worms
  2 dart slugs
  3 orcs (D:2)
  9 bats
  8 endoplasms
  4 giant cockroaches
  6 goblins
  8 hobgoblins
  8 kobolds
  4 quokkas
  12 ball pythons
  4 frilled lizards
  4 rats
103 creatures vanquished.

Notes
Turn   | Place    | Note
-------+----------+-------------------------------------------
     0 | D:1      | fragbeetle the Draconian Transmuter began the quest for the
                  | Orb.
     0 | D:1      | Reached XP level 1. HP: 16/16 MP: 3/3
   260 | D:1      | Reached XP level 2. HP: 14/23 MP: 3/5
  1248 | D:2      | Reached XP level 3. HP: 27/28 MP: 4/6
  1271 | D:2      | Learned a level 3 spell: Spider Form
  1639 | D:2      | Noticed Natasha
  1644 | D:2      | Reached XP level 4. HP: 36/36 MP: 5/7
  1649 | D:2      | Killed Natasha
  1848 | D:2      | Noticed Natasha
  1857 | D:2      | Killed Natasha
  2007 | D:2      | Reached skill level 1 in Poison Magic
  2046 | D:2      | Reached XP level 5. HP: 39/41 MP: 6/8
  2063 | D:2      | Learned a level 4 spell: Ice Form
  2423 | D:2      | Noticed Natasha
  2432 | D:2      | Killed Natasha
  2619 | D:2      | Found a runed translucent door.
  2620 | D:2      | Noticed Crazy Yiuf
  3267 | D:3      | Found a glowing golden altar of the Shining One.
  3300 | D:3      | Noticed a +0 dagger
  3300 | D:3      | Noticed a +0 short sword
  3300 | D:3      | Noticed a +0 falchion
  3300 | D:3      | Noticed a +0 short sword
  3301 | D:3      | Noticed a +0 dagger
  3301 | D:3      | Noticed a +0 spear
  3301 | D:3      | Noticed a +0 falchion
  3303 | D:3      | Noticed a +0 spear
  3310 | D:3      | Found a hide-covered altar of Uskayaw.
  3360 | D:3      | Found a radiant altar of Vehumet.
  3526 | D:4      | Reached XP level 6. HP: 42/50 MP: 7/9
  3670 | D:4      | Reached skill level 1 in Ice Magic
  4371 | D:4      | Your scales start taking on a fiery red colour.
  4371 | D:4      | Reached XP level 7. HP: 56/56 MP: 8/10
  4371 | D:4      | Gained mutation: Your flesh is heat resistant. (rF+) [Red
                  | Draconian growth]
  4445 | D:4      | Quit the game

Illustrated notes

Levels and vault maps discovered:
D:1:      elethiomel_arrival_maze, layout_loops_ring, minivault_4,
          minmay_small_reverse_x
D:2:      layout_loops_ring, minmay_increasing_density, uniq_natasha,
          uniq_crazy_yiuf_cottage
D:3:      layout_basic, vehumet_crystals, nicolae_uskayaw_en_pointe,
          lemuel_crystal_altar
D:4:      layout_rooms, corexii_hall_statues_u, amcnicky_mini_corridor_feature

Skill      XL: |  1  2  3  4  5  6 |
---------------+-------------------+-----
Dodging        | 2 |  2.9
Transmutations | 3 4 |  4.4
Fighting       | 2 |  2.9
Unarmed Combat | 4 |  4.8
Poison Magic   | 1 2 |  2.0
Ice Magic      | 1 |  1.1
Spellcasting   | |  2.0

Action                   |  1- 3 |  4- 6 |  7- 9 || total
-------------------------+-------+-------+-------++-------
Melee: Unarmed           |    80 |   205 |       ||   285
       Kick              |    18 |    56 |       ||    74
       Headbutt          |    16 |    27 |       ||    43
       Tailslap          |     5 |    18 |       ||    23
       Punch             |     2 |     3 |       ||     5
 Cast: Beastly Appendage |    29 |    43 |       ||    72
       Spider Form       |       |     1 |       ||     1
 Stab: Sleeping          |       |     1 |       ||     1
Armor: Skin              |    21 |    66 |       ||    87
Dodge: Dodged            |    65 |   123 |       ||   188

Table legend: (Time is in decaauts)
 A = Elapsed time spent in this place.
 B = Non-inter-level travel time spent in this place.
 C = Inter-level travel time spent in this place.
 D = Time resting spent in this place.
 E = Time spent auto-exploring this place.
 F = Levels seen in this place.
 G = Mean time per level.
                   A        B        C        D        E       F      G
               +--------+--------+--------+--------+--------+-----+--------+
         Total |   4439 |   4349 |     90 |    497 |   2943 |   4 | 1109.8 |
       Dungeon |   4439 |   4349 |     90 |    497 |   2943 |   4 | 1109.8 |
               +--------+--------+--------+--------+--------+-----+--------+

Top non-repeatable levels by time:
     D:2: 1459 daAuts
     D:1: 1219 daAuts
     D:4: 942 daAuts
     D:3: 818 daAuts
